 Dungeon Crawl Stone Soup version 0.30.1-3-gfc49f6343a (webtiles) character file.

Game seed: 744191312168628016

20528 Peloso the Fencer (level 12, -2/112 HPs)
             Began as a Minotaur Fighter on Aug 1, 2023.
             Was a High Priest of Okawaru.
             Succumbed to a cane toad's poison
             ... on level 1 of the Lair of Beasts.
             The game lasted 00:25:50 (12850 turns).

Peloso the Fencer (Minotaur Fighter)               Turns: 12850, Time: 00:25:50

Health: -2/112     AC: 17    Str: 23    XL:     12   Next: 46%
Magic:  13/13      EV:  9    Int:  5    God:    Okawaru [*****.]
Gold:   902        SH:  7    Dex: 19    Spells: 11/11 levels left

rFire   . . .        a - +1 long sword
rCold   . . .        d - +0 buckler
rNeg    . . .        N - +0 plate armour
rPois   .            (helmet restricted)
rElec   .            m - +0 cloak
rCorr   .            (no gloves)
SInv    .            (no boots)
Will    +....        G - amulet of regeneration Stlth
                     i - ring of willpower
HPRegen 1.18/turn    t - +6 ring of dexterity
MPRegen 0.13/turn

%: no passive effects
@: lethally poisoned (-2 -> -31)
A: horns 2, retaliatory headbutt
a: Renounce Religion, Heroism, Finesse, Duel


You were on level 1 of the Lair of Beasts.
You worshipped Okawaru.
Okawaru was extremely pleased with you.
You visited 3 branches of the dungeon, and saw 14 of its levels.

You collected 976 gold pieces.
You spent 74 gold pieces at shops.

Inventory:

Hand Weapons
 a - a +1 long sword (weapon)
 b - a +0 war axe of flaming
Missiles
 e - 4 throwing nets (quivered)
Armour
 c - a +0 chain mail of cold resistance
 d - a +0 buckler (worn)
 m - a +0 cloak (worn)
 N - a +0 plate armour (worn)
Jewellery
 i - a ring of willpower (left hand)
 t - a +6 ring of dexterity (right hand)
 x - a +4 ring of protection
 C - a ring of willpower
 D - a ring of resist corrosion
 E - a +5 ring of evasion
 G - an amulet of regeneration (around neck)
 H - a ring of protection from cold
 I - a ring of poison resistance
Wands
 B - a wand of paralysis (10)
Scrolls
 n - 2 scrolls of enchant armour
 o - 4 scrolls of enchant weapon
 p - 2 scrolls of brand weapon
 q - 3 scrolls of immolation
 r - 5 scrolls of amnesia
 s - 5 scrolls of blinking
 v - 4 scrolls of teleportation
 w - 3 scrolls of summoning
 y - a scroll of acquirement {unknown}
 A - a scroll of poison
 J - a scroll of silence {unknown}
 L - 2 scrolls of torment {unknown}
 O - 2 scrolls of identify
Potions
 f - a potion of invisibility
 g - 4 potions of lignification
 h - a potion of brilliance
 j - a potion of resistance
 k - 4 potions of might
 l - a potion of magic
 u - 5 potions of mutation
 z - 2 potions of flight
 F - a potion of haste {unknown}
 K - a potion of berserk rage {unknown}
 M - 4 potions of curing
 P - 2 potions of heal wounds {unknown}
 Q - a potion of cancellation {unknown}
 R - a potion of ambrosia {unknown}


   Skills:
 + Level 12.0 Fighting
 + Level 15.1 Long Blades
 + Level 12.3 Armour
 + Level 4.4 Dodging
 + Level 2.0 Stealth
 + Level 9.8 Shields
 + Level 2.6 Invocations


You had 11 spell levels left.
You didn't know any spells.
Your spell library contained the following spells:

 Spells                   Type           Power      Damage    Failure   Level
 Beastly Appendage        Tmut           0%         N/A       99%         1
 Foxfire                  Conj/Fire      0%         2x1d4     99%         1
 Ensorcelled Hibernation  Hex/Ice        0%         N/A       100%        2
 Sublimation of Blood     Necr           0%         N/A       100%        2
 Wereblood                Tmut           0%         N/A       100%        2
 Ignite Poison            Fire/Tmut/Pois 0%         N/A       100%        3
 Ozocubu's Armour         Ice            0%         N/A       100%        3
 Portal Projectile        Hex/Tloc       0%         N/A       100%        3
 Spider Form              Tmut/Pois      0%         N/A       100%        3
 Anguish                  Hex/Necr       0%         N/A       100%        4
 Leda's Liquefaction      Hex/Erth       0%         N/A       100%        4
 Passage of Golubria      Tloc           0%         N/A       100%        4
 Sticky Flame             Conj/Fire      0%         2d3       100%        4
 Fireball                 Conj/Fire      0%         3d3       100%        5
 Irradiate                Conj/Tmut      0%         3d11      100%        5
 Metabolic Englaciation   Hex/Ice        0%         N/A       100%        5
 Silence                  Hex/Air        0%         N/A       100%        5
 Yara's Violent Unravell  Hex/Tmut       0%         3d3       100%        5
 Plasma Beam              Fire/Air       0%         2x1d11    100%        6
 Starburst                Conj/Fire      0%         6d3       100%        6
 Borgnjor's Revivificati  Necr           0%         N/A       100%        8
 Ignition                 Fire           0%         3d3       100%        8
 Lehudib's Crystal Spear  Conj/Erth      0%         10d2      100%        8
 Call Canine Familiar     Summ           Unusable   N/A       N/A         3
 Tukima's Dance           Hex            Unusable   N/A       N/A         3
 Simulacrum               Ice/Necr       Unusable   N/A       N/A         6

Dungeon Overview and Level Annotations

Branches:
Dungeon (12/15)            Temple (1/1) D:4            Lair (1/5) D:11
    Orc (0/2) D:12

Altars:
Cheibriados
Dithmenos
Elyvilon
Fedhas
Gozag
Hepliaklqana
Kikubaaqudgha
Makhleb
Okawaru
Qazlal
Ru
Sif Muna
Trog
Vehumet
Wu Jian
Xom
Zin
The Shining One

Shops:
D:2 *:*([   D:3 *   D:9 [

Annotations:
D:9 3 runed translucent doors, McKennaii's ghost, novice DgCj


Innate Abilities, Weirdness & Mutations

You have a pair of horns on your head.
You reflexively headbutt those who attack you in melee.


Message History

The cane toad poisons you!
You slash the cane toad! Your headbutt misses the cane toad.
The cane toad is heavily wounded.
You feel very sick.
A cane toad comes into view.
The cane toad stings you but does no damage.
The cane toad gives a loud, deep croak!
You slash the cane toad! You headbutt the cane toad.
The cane toad is severely wounded.
You feel very sick. You block the cane toad's attack.
You closely miss the cane toad.
The cane toad is severely wounded.
You feel very sick. The komodo dragon bites you! The cane toad stings you.
You are more poisoned.
The cane toad poisons you!
You barely miss the cane toad.
The cane toad is severely wounded.
You feel very sick. The bullfrog closely misses you.
The komodo dragon bites you!
You hit the cane toad.
The cane toad is almost dead.
You feel very sick. The cane toad stings you!
You are more poisoned.
The cane toad poisons you! The bullfrog hits you.
You hit the cane toad. You headbutt the cane toad.
The cane toad is almost dead.
* * * LOW HITPOINT WARNING * * *
You feel extremely sick. The komodo dragon bites you!
* * * LOW HITPOINT WARNING * * *
The bullfrog hits you but does no damage.
The cane toad stings you!
* * * LOW HITPOINT WARNING * * *
Blink to where?
Press: ? - help, Dir - move target
As you read the scroll of blinking, it crumbles to dust.
You die...

...#....
#.......#...##.....# #.
...#....
#......##..........# #.
....###
#...........##.....# #.
...####
##......##.........<# #.
.......
........##...##.....# #.
.......
.........#...##.....# ##
.......
....................###.
.......
........................
.......
.......@................
.......
........#######.........
...#.##
####...........#......##
...###
#...........#...#....
...P#
P#.....).....#...#....
...##
..............#...#....
....#
##P....#......#...#....
...##
.......#...§l.....+....
###....#...FF.#...#....


You could see a komodo dragon.

Vanquished Creatures
  Josephine (D:10)
  Harold (D:10)
  A centaur warrior (D:10)
  3 two-headed ogres
  A death yak (Lair:1)
  Sonja (Lair:1)
  4 cyclopes
  A manticore (D:11)
  An ugly thing (D:11)
  Joseph (D:9)
  An unseen horror (D:12)
  A cane toad (Lair:1)
  2 komodo dragons
  2 kobold demonologists (D:10)
  5 trolls
  Prince Ribbit (D:9)
  3 hornets
  Sigmund (D:2)
  5 wyverns
  A vampire (D:8)
  5 wraiths
  A shadow (D:8)
  10 yaks
  Grum (D:10)
  3 steam dragons
  9 vampire mosquitoes
  An acid dragon (D:11)
  9 orc warriors
  A sky beast (D:6)
  2 black bears
  2 ice beasts
  3 ogres
  4 centaurs
  2 phantoms
  2 wolves (D:10)
  3 kobold brigands
  3 bullfrogs
  5 scorpions
  4 wights (D:8)
  8 killer bees
  2 electric eels (D:10)
  3 howler monkeys
  A jelly (D:5)
  A gnoll bouda (D:6)
  4 hounds
  4 orc priests
  Crazy Yiuf (D:2)
  2 sleepcaps
  4 iguanas
  Terence (D:2)
  14 orc wizards
  2 adders
  16 gnolls
  A shadow imp (D:5)
  2 ufetubi (D:5)
  3 worms
  4 dart slugs
  41 orcs
  3 bats (D:1)
  10 endoplasms
  2 giant cockroaches
  8 goblins
  5 hobgoblins
  6 quokkas
  5 ball pythons
  3 frilled lizards
  15 kobolds
  5 rats
283 creatures vanquished.

Notes
Turn   | Place    | Note
-------+----------+-------------------------------------------
     0 | D:1      | Peloso the Minotaur Fighter began the quest for the Orb.
     0 | D:1      | Reached XP level 1. HP: 19/19 MP: 0/0
   162 | D:1      | Reached XP level 2. HP: 14/27 MP: 1/1
   900 | D:1      | Reached XP level 3. HP: 33/33 MP: 2/2
  1042 | D:2      | Noticed Sigmund
  1079 | D:2      | Found Dojuty's Armour Shop.
  1082 | D:2      | Noticed Terence
  1089 | D:2      | Killed Terence
  1090 | D:2      | Reached skill level 3 in Long Blades
  1124 | D:2      | Found Neteonur's Weapon Shoppe.
  1152 | D:2      | Reached XP level 4. HP: 39/40 MP: 3/3
  1209 | D:3      | Reached skill level 4 in Long Blades
  1414 | D:3      | Reached XP level 5. HP: 20/47 MP: 4/4
  1601 | D:3      | Found Zosuzett's Assorted Antiques.
  1619 | D:3      | Bought a scroll labelled DEEWEU CEIVAU for 27 gold pieces
  1619 | D:3      | Bought a scroll labelled TANLARCH GEETO for 27 gold pieces
  1872 | D:2      | Found Noudeid's General Store.
  1915 | D:2      | Found Jegeco's Book Emporium.
  1950 | D:2      | Found Hiraam's General Store.
  1968 | D:2      | Killed Sigmund
  1969 | D:2      | Reached skill level 5 in Long Blades
  1969 | D:2      | Reached skill level 5 in Armour
  1969 | D:2      | Reached skill level 1 in Dodging
  1969 | D:2      | Reached XP level 6. HP: 47/55 MP: 5/5
  2145 | D:2      | Found a faded altar of an unknown god.
  2242 | D:2      | Reached skill level 5 in Fighting
  2372 | D:2      | Found a runed translucent door.
  2373 | D:2      | Noticed Crazy Yiuf
  2403 | D:2      | Bought a scroll of identify for 20 gold pieces
  2445 | D:2      | Killed Crazy Yiuf
  2598 | D:4      | Found a staircase to the Ecumenical Temple.
  2613 | Temple   | Entered the Ecumenical Temple
  2634 | Temple   | Became a worshipper of Warmaster Okawaru
  2727 | D:4      | Found a burning altar of Makhleb.
  2896 | D:4      | Reached skill level 6 in Long Blades
  2896 | D:4      | Reached XP level 7. HP: 35/61 MP: 6/6
  3374 | D:4      | Got the Quarto of Fluctuating Spectres
  3414 | D:4      | Found an opulent altar of Gozag.
  3618 | D:5      | Entered Level 5 of the Dungeon
  3843 | D:5      | Reached skill level 7 in Long Blades
  3975 | D:5      | Reached * piety under Okawaru
  4544 | D:5      | Reached skill level 8 in Long Blades
  4544 | D:5      | Reached XP level 8. HP: 62/69 MP: 7/7
  4740 | D:6      | Found a glowing golden altar of the Shining One.
  5037 | D:6      | Reached ** piety under Okawaru
  5038 | D:6      | Reached skill level 5 in Shields
  5107 | D:6      | Reached skill level 9 in Long Blades
  5521 | D:6      | Noticed a two-headed ogre
  5530 | D:6      | Killed a two-headed ogre
  5530 | D:6      | Reached *** piety under Okawaru
  5531 | D:6      | Reached skill level 10 in Long Blades
  5531 | D:6      | Reached XP level 9. HP: 56/78 MP: 5/8
  6110 | D:7      | Reached **** piety under Okawaru
  6333 | D:7      | Paralysed by a hornet for 2 turns
  6338 | D:7      | Received a gift from Okawaru
  6339 | D:7      | Reached skill level 11 in Long Blades
  7076 | D:8      | Noticed a cyclops
  7089 | D:8      | Killed a cyclops
  7090 | D:8      | Reached skill level 12 in Long Blades
  7090 | D:8      | Reached XP level 10. HP: 49/88 MP: 6/9
  7344 | D:8      | Found a shadowy altar of Dithmenos.
  7468 | D:9      | Noticed Prince Ribbit
  7470 | D:9      | Noticed Joseph
  7663 | D:9      | Killed Joseph
  7666 | D:9      | Killed Prince Ribbit
  7772 | D:9      | Found a stormy altar of Qazlal.
  7923 | D:9      | Found Purphuysch's Armour Shoppe.
  8512 | D:9      | Reached skill level 13 in Long Blades
  8515 | D:9      | Reached skill level 1 in Invocations
  8518 | D:9      | Reached skill level 10 in Armour
  9079 | D:9      | Found a runed translucent gate.
  9080 | D:9      | Found a runed translucent gate.
  9080 | D:9      | Found a runed translucent gate.
  9448 | D:9      | Noticed McKennaii's ghost (novice DgCj)
  9510 | D:10     | Entered Level 10 of the Dungeon
  9547 | D:10     | Found a sacrificial altar of Ru.
  9572 | D:10     | Noticed Grum
  9584 | D:10     | Killed Grum
  9651 | D:10     | Noticed Harold
  9652 | D:10     | Reached XP level 11. HP: 81/97 MP: 10/10
  9668 | D:10     | Killed Harold
  9707 | D:10     | Noticed a centaur warrior
  9716 | D:10     | Killed a centaur warrior
  9717 | D:10     | Reached skill level 1 in Stealth
  9893 | D:10     | Received a gift from Okawaru
  9894 | D:10     | Reached skill level 14 in Long Blades
  9906 | D:10     | Reached skill level 10 in Fighting
 10171 | D:10     | Found a white marble altar of Elyvilon.
 10292 | D:10     | Noticed Josephine
 10306 | D:10     | Killed Josephine
 10544 | D:10     | Found a bloodstained altar of Trog.
 10623 | D:10     | Found a snail-covered altar of Cheibriados.
 10850 | D:11     | Noticed a brown ugly thing
 10870 | D:11     | Killed a brown ugly thing
 11120 | D:11     | Noticed a two-headed ogre
 11134 | D:11     | Killed a two-headed ogre
 11155 | D:11     | Found a staircase to the Lair.
 11378 | D:11     | Reached XP level 12. HP: 101/110 MP: 12/12
 11706 | D:12     | Noticed a two-headed ogre
 11725 | D:12     | Killed a two-headed ogre
 12165 | D:12     | Reached ***** piety under Okawaru
 12256 | D:12     | Found a staircase to the Orcish Mines.
 12374 | Lair:1   | Entered Level 1 of the Lair of Beasts
 12637 | Lair:1   | Noticed a death yak
 12661 | Lair:1   | Killed a death yak
 12662 | Lair:1   | Reached skill level 15 in Long Blades
 12816 | Lair:1   | Noticed Sonja
 12824 | Lair:1   | Killed Sonja
 12849 | Lair:1   | HP: 5/112 [cane toad (7)]
 12850 | Lair:1   | Succumbed to a cane toad's poison

Illustrated notes

Levels and vault maps discovered:
D:1:      minmay_arrival_widening_spiral_wide, layout_rooms, minmay_pentomino_s2
D:2:      layout_rooms, chequers_ecumenical_altar_simple_redux, serial_shops,
          shop, shop, shop, nicolae_shop_peninsula, nicolae_shop_peninsula,
          nrook_campfire, minivault_4, minmay_3d_cube, uniq_sigmund,
          uniq_crazy_yiuf_cottage, uniq_terence
D:3:      layout_rooms, serial_shops, shop
D:4:      layout_loops_ring, mainiacjoe_overflow_alcove_1,
          makhleb_blood_cavern_becter, minmay_temple_entry_glass,
          chequers_jeans, cheibrodos_gnoll_hut
D:5:      layout_loops_corners
D:6:      layout_cave_pods, tso_metal_star
D:7:      layout_loops_ring
D:8:      layout_rooms, old_standard_altar
D:9:      layout_layer_cave, mainiacjoe_overflow_tiny_flanked, serial_shops,
          shop, gammafunk_ghost_icy, amcnicky_mini_rare_corridor_liquid,
          hangedman_corner_corridor, uniq_joseph, uniq_prince_ribbit1
D:10:     layout_loops_ring, nicolae_elyvilon_temple_path,
          mainiacjoe_overflow_concentric_impassable, minitemple,
          evilmike_minifort, uniq_harold, uniq_grum, uniq_josephine
D:11:     layout_rooms, lair_entry_dummy, corexii_hall_statues_x
D:12:     layout_roguey, david_orc_4
Temple:   nicolae_temple_bog_church
Lair:1:   layout_regular_city, uniq_sonja

Skill      XL: |  1  2  3  4  5  6  7  8  9 10 11 12 |
---------------+-------------------------------------+-----
Armour         | 4 5 6 8 9 10 11 12 | 12.3
Shields        | 4 5 6 7 9 |  9.8
Fighting       | 4 5 6 7 9 11 12 | 12.0
Long Blades    | 3 4 5 6 8 10 12 13 14 15 | 15.1
Dodging        | 1 2 3 4 |  4.4
Invocations    | 1 2 |  2.6
Stealth        | 1 2 |  2.0

Action                     |  1- 3 |  4- 6 |  7- 9 | 10-12 || total
---------------------------+-------+-------+-------+-------++-------
  Melee: Long sword        |    67 |   128 |   279 |   597 ||  1071
         Headbutt          |     9 |    23 |    59 |   152 ||   243
 Invoke: Heroism           |       |       |     2 |    25 ||    27
  Evoke: Wand              |       |       |       |     3 ||     3
    Use: Scroll            |     4 |     6 |     4 |     1 ||    15
         Potion            |     4 |       |       |     4 ||     8
   Stab: Paralysed         |       |       |       |     8 ||     8
 Armour: Scale mail        |    34 |    19 |       |       ||    53
         Chain mail        |       |    49 |   125 |   170 ||   344
         Plate armour      |       |       |       |    24 ||    24
  Dodge: Dodged            |    48 |    48 |   101 |   193 ||   390
  Block: Buckler           |    19 |    26 |    67 |   161 ||   273
